 Dungeon Crawl Stone Soup version 0.16.1-4-g8e1b745 (webtiles) character file.

8607 Zapata the Bludgeoner (level 11, -9/64 HPs)
             Began as a Kobold Berserker on Mar 27, 2015.
             Was an Elder of Trog.
             Mangled by a four-headed hydra (13 damage)
             ... summoned by a shadow trap
             ... triggered by the player character
             ... on level 10 of the Dungeon.
             The game lasted 00:21:40 (16448 turns).

Zapata the Bludgeoner (Kobold Berserker)           Turns: 16448, Time: 00:21:41

Health: -9/64      AC:  8    Str: 16    XL:     11   Next: 59%
Magic:  3/3        EV: 19    Int:  5    God:    Trog [****..]
Gold:   524        SH:  6    Dex: 19    Spells: 0 memorised, 10 levels left

rFire  . . .     SeeInvis .     a - +6 morningstar (antimagic)
rCold  . . .     Clarity  .     L - +1 leather armour {rN+}
rNeg   + . .     SustAb   .     V - +1 buckler {reflect}
rPois  .         Gourm    .     y - +2 helmet
rElec  .         Spirit   .     D - +0 cloak
rCorr  .         Warding  .     (no gloves)
rMut   .         Stasis   .     (no boots)
MR     .....                    l - amulet of rage
Stlth  +++++.....               h - +1 ring of evasion
                                p - ring of stealth

@: exhausted, slowed, very slow, not resistant to hostile enchantments, quite
stealthy
A: carnivore 3
a: Burn Spellbooks, Berserk, Trog's Hand, Brothers in Arms, Renounce Religion,
Evoke Berserk Rage


You were on level 10 of the Dungeon.
You worshipped Trog.
Trog was greatly pleased with you.
You were full.

You visited 1 branch of the dungeon, and saw 10 of its levels.

You collected 524 gold pieces.

Inventory:

Hand weapons
 a - a +6 antimagic morningstar (weapon)
 R - a +2 whip of freezing
Missiles
 g - 383 stones (quivered)
 i - 59 bolts
 q - 17 tomahawks
Armour
 u - a +2 chain mail of fire resistance
 y - a +2 helmet (worn)
 D - a +0 cloak (worn)
 L - a +1 leather armour of positive energy (worn)
 V - a +1 buckler of reflection (worn)
Jewellery
 h - a +1 ring of evasion (right hand)
 l - an amulet of rage (around neck)
 p - a ring of stealth (left hand)
 M - a +6 ring of intelligence
Magical devices
 w - a wand of paralysis (14)
 A - a wand of fireball (2)
 E - a wand of flame (5)
 I - a wand of frost (18)
 K - a wand of random effects (27)
 O - a wand of confusion (11)
 U - a wand of cold (1)
Scrolls
 b - 2 scrolls of noise {unknown}
 e - a scroll of amnesia {unknown}
 j - 10 scrolls of remove curse
 k - 3 scrolls of immolation
 m - a scroll of random uselessness {unknown}
 r - a scroll of magic mapping
 t - a scroll of blinking {unknown}
 C - 3 scrolls of teleportation {unknown}
 N - 2 scrolls of enchant weapon
 P - a scroll of silence {unknown}
Potions
 f - 3 potions of haste
 n - a potion of might
 o - a potion of invisibility {unknown}
 s - a potion of curing
 v - 2 potions of mutation {unknown}
 x - a potion of poison {unknown}
 z - 3 potions of agility
 B - 2 potions of lignification {unknown}
 F - a potion of magic {unknown}
 G - a potion of cure mutation {unknown}
 J - 2 potions of brilliance {unknown}
 Q - a potion of flight {unknown}
 S - a potion of restore abilities {unknown}
Comestibles
 c - 3 meat rations
 d - a royal jelly
 H - a slice of pizza
 W - a beef jerky


   Skills:
 - Level 5.7 Fighting
 + Level 15.0 Maces & Flails
 - Level 1.5 Armour
 - Level 5.9 Dodging
 - Level 6.0 Stealth


You had 10 spell levels left.
You didn't know any spells.

Dungeon Overview and Level Annotations

Branches:
Dungeon (10/15)            Temple (0/1) D:5            Lair (0/8) D:8
    Orc: D:9-12

Altars:
Ashenzari
Gozag
Nemelex Xobeh
Ru
Trog
Vehumet
Zin


Innate Abilities, Weirdness & Mutations

You are small and have problems with some larger weapons.
You are carnivorous and can eat meat at any time.


Message History

Your two-headed ogre hits the four-headed hydra with a giant club!
Your two-headed ogre hits the four-headed hydra with a giant club!!
The four-headed hydra bites your two-headed ogre!
Your two-headed ogre dies!
Your two-headed ogre's corpse disappears in a puff of smoke!
The four-headed hydra roars!
Unknown command.
The four-headed hydra barely misses you.
The four-headed hydra bites you.
* * * LOW HITPOINT WARNING * * *
The four-headed hydra bites you!
* * * LOW HITPOINT WARNING * * *
You block the four-headed hydra's attack.
Huge Dmg: -23%(-15hp) hp: 7%(4hp) Drink which item? (? for menu, Esc to quit)
Okay, then.
You hit the four-headed hydra.
The four-headed hydra is almost dead.
The four-headed hydra bites you!
You die...

######## #.....)#
#......#
#......##############
#......@D[^)....}...####
#......############.....
#......# ###### ########
# #.... ####### ####..
.### ##.....#####....
#............#######
#............#.....##
#...................##


You could see a four-headed hydra.

Vanquished Creatures
  The ghost of inmateoo the Destroyer, a powerful DECj of Vehumet (D:10)
  Pikel (D:9)
  Joseph (D:8)
  A komodo dragon (D:8)
  A troll (D:9)
  Prince Ribbit (D:9)
  A two-headed ogre (D:9)
  A shadow (D:10)
  3 hungry ghosts
  5 hippogriffs
  4 sky beasts
  5 orc warriors
  4 phantoms
  A black bear (D:9)
  2 necrophages
  A slave (D:9)
  10 ogres
  3 centaurs
  Sigmund (D:4)
  2 big kobolds
  2 giant frogs
  A gnoll sergeant (D:8)
  2 wights
  8 killer bees
  4 electric eels (D:8)
  2 giant frog zombies
  A crimson imp (D:8)
  8 hounds
  A quasit (D:10)
  A goliath beetle (D:9)
  A centaur skeleton (D:7)
  2 jellies
  5 orc priests
  2 giant frog skeletons
  3 iguanas
  12 orc wizards
  6 worker ants
  A killer bee zombie (D:9)
  2 hound skeletons
  A worker ant zombie (D:4)
  15 adders
  2 giant mites (D:3)
  3 shadow imps
  13 gnolls
  5 worms
  An adder skeleton (D:4)
  An adder zombie (D:7)
  3 oozes
  42 orcs
  A ball python (D:5)
  2 bat skeletons
  9 giant cockroaches
  15 goblins
  19 hobgoblins
  18 jackals
  5 quokkas
  18 bats
  4 giant geckos
  A giant gecko skeleton (D:8)
  4 giant newts
  2 jackal skeletons
  27 kobolds
  A quokka skeleton (D:6)
  11 rats
336 creatures vanquished.

Vanquished Creatures (collateral kills)
  A troll (D:9)
  A centaur (D:9)
  An ogre (D:10)
  5 wights
  A killer bee (D:8)
  2 electric eels (D:8)
  A hound (D:10)
  A hound skeleton (D:10)
  A giant gecko (D:9)
  2 orcs (D:10)
  2 hobgoblins
18 creatures vanquished.

Vanquished Creatures (others)
  A two-headed ogre (D:10)
  A jelly (D:9)
  A rat (D:9)
  5 plants (D:8)
8 creatures vanquished.

Grand Total: 362 creatures vanquished

Notes
Turn   | Place    | Note
--------------------------------------------------------------
     0 | D:1      | Zapata, the Kobold Berserker, began the quest for the Orb.
     0 | D:1      | Reached XP level 1. HP: 14/14 MP: 1/1
   379 | D:1      | Reached XP level 2. HP: 19/19 MP: 2/2
  1369 | D:1      | Reached skill level 4 in Maces & Flails
  1369 | D:1      | Reached XP level 3. HP: 20/23 MP: 3/3
  1528 | D:2      | Acquired Trog's second power
  1620 | D:2      | Found an opulent altar of Gozag.
  1722 | D:2      | Reached XP level 4. HP: 15/28 MP: 4/4
  2646 | D:2      | Reached skill level 5 in Maces & Flails
  2652 | D:2      | HP: 1/28 [poisoned by an adder]
  3158 | D:2      | Reached XP level 5. HP: 29/32 MP: 5/5
  3670 | D:3      | Reached skill level 1 in Stealth
  3675 | D:3      | Reached XP level 6. HP: 11/37 MP: 6/6
  3967 | D:3      | Found a glowing silver altar of Zin.
  4108 | D:3      | Found a shattered altar of Ashenzari.
  4108 | D:3      | Found a bloodstained altar of Trog.
  4115 | D:3      | Reached skill level 6 in Maces & Flails
  4792 | D:4      | Noticed Sigmund
  4801 | D:4      | Killed Sigmund
  5143 | D:4      | Reached XP level 7. HP: 41/41 MP: 7/7
  5340 | D:4      | Reached skill level 5 in Stealth
  5630 | D:4      | Reached skill level 7 in Maces & Flails
  6304 | D:4      | Reached XP level 8. HP: 16/46 MP: 8/8
  6634 | D:4      | Acquired Trog's third power
  6931 | D:4      | Reached skill level 8 in Maces & Flails
  7226 | D:5      | Entered Level 5 of the Dungeon
  7606 | D:5      | Found a radiant altar of Vehumet.
  7939 | D:5      | Reached skill level 9 in Maces & Flails
  8152 | D:5      | Found a staircase to the Ecumenical Temple.
  8874 | D:6      | Reached skill level 10 in Maces & Flails
  8874 | D:6      | Reached XP level 9. HP: 31/51 MP: 9/9
  9808 | D:7      | Found a sparkling altar of Nemelex Xobeh.
  9938 | D:7      | Reached skill level 11 in Maces & Flails
 11234 | D:8      | Reached skill level 12 in Maces & Flails
 11421 | D:8      | Found a staircase to the Lair.
 11422 | D:8      | Noticed a komodo dragon
 11475 | D:8      | Reached XP level 10. HP: 18/56 MP: 10/10
 11495 | D:8      | Killed a komodo dragon
 11887 | D:8      | Noticed Joseph
 11906 | D:8      | Killed Joseph
 11906 | D:8      | Reached skill level 13 in Maces & Flails
 13602 | D:8      | Reached skill level 5 in Fighting
 13897 | D:8      | Reached skill level 5 in Dodging
 14304 | D:9      | Noticed Prince Ribbit
 14310 | D:9      | Received a gift from Trog
 14468 | D:9      | Killed Prince Ribbit
 14616 | D:9      | Noticed Pikel
 14628 | D:9      | Killed Pikel
 14628 | D:9      | Reached XP level 11. HP: 64/64 MP: 3/11
 15013 | D:9      | Reached skill level 14 in Maces & Flails
 15485 | D:9      | Found a sacrificial altar of Ru.
 15654 | D:10     | Entered Level 10 of the Dungeon
 16143 | D:10     | Noticed inmateoo's ghost (powerful DECj)
 16163 | D:10     | Killed inmateoo's ghost
 16397 | D:10     | Reached skill level 15 in Maces & Flails
 16434 | D:10     | Noticed a four-headed hydra
 16448 | D:10     | Mangled by a four-headed hydra

Action                   |  1- 3 |  4- 6 |  7- 9 | 10-12 || total
-------------------------+-------+-------+-------+-------++-------
Melee: Mace              |   107 |   236 |   751 |    39 ||  1133
       Whip              |       |       |       |   196 ||   196
       Morningstar       |       |       |       |   185 ||   185
Invok: Berserk           |     3 |     6 |    13 |    17 ||    39
       Trog's Hand       |       |     1 |     2 |       ||     3
       Brothers in Arms  |       |       |       |     5 ||     5
       Burn Spellbooks   |       |       |       |     1 ||     1
  Use: Scroll            |     3 |     2 |     3 |     2 ||    10
       Potion            |       |       |     2 |     1 ||     3
 Stab: Sleeping          |       |     2 |     5 |    12 ||    19
       Distracted        |       |     3 |       |     2 ||     5
  Eat: Chunk             |     7 |     9 |    29 |    36 ||    81
       Meat ration       |       |     1 |     1 |     1 ||     3
       Beef jerky        |       |       |     1 |       ||     1
